 Dungeon Crawl Stone Soup version 0.21.1-1-g345015f (console) character file.

26185 wang the Spear-Bearer (level 13, -26/103 HPs)
             Began as a Merfolk Monk on Feb 27, 2018.
             Was an Elder of Zin.
             Annihilated by a very large slime creature (50 damage)
             ... on level 13 of the Dungeon.
             The game lasted 00:58:50 (19523 turns).

wang the Spear-Bearer (Merfolk Monk)               Turns: 19523, Time: 00:58:52

Health: -26/103    AC: 12    Str: 21    XL:     13   Next: 24%
Magic:  20/20      EV: 22    Int: 12    God:    Zin [****..]
Gold:   1003       SH: 14    Dex: 23    Spells: 12/12 levels left

rFire    + . .     SeeInvis .   i - +1 trident (venom)
rCold    . . .     Gourm    .   D - +0 shield
rNeg     + + .     Faith    .   x - +2 robe {rN+}
rPois    ∞         Spirit   .   o - +1 helmet of Foluttes {rF+ rN+ Stlth+}
rElec    .         Reflect  .   v - +0 cloak
rCorr    .         Harm     .   w - +0 pair of gloves
MR       .....                  y - +1 pair of boots
Stlth    ++++......             (no amulet)
HPRegen  0.27/turn              m - +5 ring of strength
MPRegen  0.17/turn              p - +2 ring of protection

@: vitalised
A: change form in water, swift swim, stealthy swim
a: Recite, Vitalisation, Imprison, Donate Gold, Renounce Religion


You were on level 13 of the Dungeon.
You worshipped Zin.
Zin was greatly pleased with you.
You were not hungry.

You visited 4 branches of the dungeon, and saw 19 of its levels.
You also visited: Ossuary.

You collected 1114 gold pieces.
You donated 111 gold pieces to Zin.

Inventory:

Hand Weapons
 a - a +0 spear
 i - a +1 trident of venom (weapon)
Armour
 o - the +1 helmet of Foluttes (worn) {rF+ rN+ Stlth+}
   (You found it on level 6 of the Dungeon)

   It protects you from fire.
   It protects you from negative energy.
   It makes you more stealthy.
 v - a +0 cloak (worn)
 w - a +0 pair of gloves (worn)
 x - a +2 robe of positive energy (worn)
 y - a +1 pair of boots (worn)
 D - a +0 shield (worn)
Jewellery
 h - an uncursed ring of see invisible
 m - a +5 ring of strength (left hand)
 p - a +2 ring of protection (right hand)
 B - an uncursed ring of resist corrosion
 G - an uncursed ring of wizardry
Wands
 n - a wand of flame (41)
 F - a wand of iceblast (16)
Scrolls
 b - 2 scrolls of fear {unknown}
 d - a scroll of fog {unknown}
 e - 5 scrolls of amnesia
 g - 2 scrolls of enchant weapon
 j - 5 scrolls of teleportation
 k - 2 scrolls of immolation {unknown}
 l - 3 scrolls of remove curse
 A - 2 scrolls of enchant armour
 E - 2 scrolls of identify
 H - a scroll of vulnerability {unknown}
Potions
 f - 3 potions of haste
 q - 3 potions of curing
 r - 3 potions of might
 s - a potion of resistance {unknown}
 t - a potion of cancellation
 u - a potion of ambrosia
 z - a potion of agility {unknown}
 C - a potion of magic
 J - a potion of lignification
 K - a potion of invisibility
Miscellaneous
 N - a lamp of fire
Comestibles
 c - 15 rations


   Skills:
 - Level 10.0 Fighting
 - Level 14.0 Polearms
 - Level 10.7 Dodging
 - Level 2.1 Stealth
 - Level 13.3 Shields
 + Level 9.6 Invocations


You had 12 spell levels left.
You didn't know any spells.

Dungeon Overview and Level Annotations

Branches:
Dungeon (11/15)            Temple (1/1) D:6            Lair (4/6) D:10
  Swamp (0/4) Lair:2        Snake (0/4) Lair:2          Orc (2/2) D:10
    Elf (0/3) Orc:2

Altars:
Ashenzari
Cheibriados
Dithmenos
Elyvilon
Fedhas
Gozag
Hepliaklqana
Kikubaaqudgha
Makhleb
Nemelex Xobeh
Okawaru
Qazlal
Ru
Sif Muna
Trog
Uskayaw
Vehumet
Wu Jian
Xom
Yredelemnul
Zin
The Shining One

Annotations:
Lair:1 Gastronok
Lair:4 exclusion: oklob plant
Orc:2 Maurice


Message History

The centaur shoots an arrow.
The arrow misses you.
The centaur shoots an arrow.
The arrow misses you.
It was a potion of ambrosia.
You are confused.
You feel invigorated.
The centaur unwields an uncursed shortbow.
The centaur closely misses you.
Okay, then.
The centaur is lost in a daze.
The centaur hits you but does no damage.
The centaur shoots an arrow.
The arrow completely misses you. The centaur misses you.
The centaur shoots an arrow.
The arrow closely misses you. The centaur completely misses you.
Zin releases the very large slime creature from its prison.
You feel less invigorated.
You feel less confused.
The centaur shoots an arrow.
You block the arrow. The centaur barely misses you.
The very large slime creature hits you!!!
You die...

#..#### #.......#
##....## ##'######
####..# #.....# ##.#
########### #####[##
######'## #...(.....###
#..... #.......#
#(........'.# #..)..
(.......#
+.........#.### #.....
#(.()...#
#.........#...####.....
#.......+
#.....@...###...##.....
#.......# #.....Jcc.#
###........ ####+####
#.........# ####.....
#.........# #.....
#.........# ###.##
####'###### .# #(.(c)#
.. #####'# .#. #### ...
.


You could see a very large slime creature and 2 centaurs.

Vanquished Creatures
  A centaur warrior (D:13)
  A two-headed ogre (D:9)
  An orc high priest (Orc:1)
  The ghost of ZoopityBooper the Slicer, a novice HaFi of Dithmenos (D:7)
  Nergalle (D:10)
  A deep elf mage (D:13)
  An orc sorcerer (Orc:2)
  An ugly thing (D:13)
  An elephant (D:10)
  A gargoyle (D:11)
  5 spiny frogs
  An efreet (D:10)
  5 komodo dragons
  2 trolls
  2 meliai (D:13)
  3 slime creatures (D:13)
  6 blink frogs
  3 hippogriffs
  A shadow (D:13)
  A tarantella (shapeshifter) (D:13)
  A vampire (D:11)
  A wyvern (D:10)
  34 yaks
  Eustachio (D:4)
  2 basilisks
  2 hungry ghosts
  2 vampire mosquitoes (D:13)
  4 nagas (Lair:2)
  6 water moccasins
  4 swamp worms (Lair:2)
  A soldier ant (D:11)
  8 porcupines
  2 sky beasts
  4 orc warriors
  4 ice beasts
  A phantom (D:10)
  A black bear (D:10)
  3 ogres
  3 wolves (Lair:3)
  5 centaurs
  A big kobold (D:9)
  4 crocodiles
  15 bullfrogs
  2 wyvern zombies (D:9)
  A wyvern skeleton (D:7)
  A water moccasin skeleton (D:7)
  6 scorpions
  18 killer bees
  2 electric eels
  2 bullfrog zombies
  3 howler monkeys (D:7)
  A centaur zombie (Ossuary)
  7 crimson imps
  A human zombie (Ossuary)
  4 hounds
  5 jellies
  Crazy Yiuf (D:4)
  3 bullfrog skeletons
  6 orc priests
  2 iguanas
  13 orc wizards
  5 worker ants
  A big kobold zombie (Ossuary)
  3 hound skeletons
  4 mummies (Ossuary)
  3 gnolls (D:2)
  A worker ant zombie (D:8)
  9 adders
  4 shadow imps
  An ooze (D:5)
  2 adder skeletons
  An adder zombie (D:1)
  3 worms
  4 dart slugs
  7 leopard geckos
  42 orcs
  5 giant cockroaches
  2 gnoll zombies (Ossuary)
  12 goblins
  7 hobgoblins
  12 jackals
  12 kobolds
  4 quokkas
  9 bats
  9 frilled lizards
  2 goblin zombies (Ossuary)
  An orc zombie (Ossuary)
  A quokka skeleton (D:4)
  A quokka zombie (D:1)
  10 rats
403 creatures vanquished.

Vanquished Creatures (others)
  An orc (D:6)
  A fungus (Lair:2)
  A plant (Lair:1)
3 creatures vanquished.

Grand Total: 406 creatures vanquished

Notes
Turn   | Place    | Note
-------+----------+-------------------------------------------
     0 | D:1      | wang the Merfolk Monk began the quest for the Orb.
     0 | D:1      | Reached XP level 1. HP: 18/18 MP: 1/1
   190 | D:1      | Reached skill level 5 in Polearms
   308 | D:1      | Reached XP level 2. HP: 20/24 MP: 2/2
   788 | D:1      | Reached skill level 6 in Polearms
   788 | D:1      | Reached XP level 3. HP: 26/29 MP: 3/3
  1758 | D:2      | Reached XP level 4. HP: 32/35 MP: 4/4
  1768 | D:2      | Reached skill level 7 in Polearms
  2170 | D:2      | Found an ancient bone altar of Kikubaaqudgha.
  2747 | D:2      | Reached skill level 8 in Polearms
  2892 | D:3      | Reached XP level 5. HP: 41/41 MP: 5/5
  3379 | D:3      | Found a faded altar of an unknown god.
  3545 | D:3      | Found an ornate altar of the Wu Jian Council.
  3545 | D:3      | Found a basalt altar of Yredelemnul.
  3604 | D:3      | Reached skill level 9 in Polearms
  3740 | D:3      | Found a glowing golden altar of the Shining One.
  3851 | D:3      | Reached XP level 6. HP: 35/47 MP: 6/6
  4099 | D:4      | Noticed Eustachio
  4114 | D:4      | Killed Eustachio
  4114 | D:4      | Reached skill level 10 in Polearms
  4230 | D:4      | Found a sand-covered staircase.
  4241 | Ossuary  | Entered an ossuary
  4292 | Ossuary  | Reached XP level 7. HP: 52/52 MP: 7/7
  4371 | Ossuary  | Reached skill level 5 in Dodging
  4687 | D:4      | Found a runed door.
  4971 | D:4      | Found a stormy altar of Qazlal.
  5223 | D:4      | Noticed Crazy Yiuf
  5236 | D:4      | Killed Crazy Yiuf
  5269 | D:5      | Entered Level 5 of the Dungeon
  5376 | D:5      | Noticed a yak
  5466 | D:5      | Noticed a yak
  5474 | D:5      | Noticed a yak
  5510 | D:5      | Killed a yak
  5519 | D:5      | Killed a yak
  5519 | D:5      | Reached XP level 8. HP: 45/58 MP: 8/8
  5602 | D:5      | Killed a yak
  5643 | D:5      | Reached skill level 10 in Dodging
  6522 | D:5      | Found a deep blue altar of Sif Muna.
  6572 | D:5      | Reached skill level 5 in Fighting
  6752 | D:5      | Reached XP level 9. HP: 68/68 MP: 9/9
  7627 | D:6      | Found a snail-covered altar of Cheibriados.
  7667 | D:6      | Found a white marble altar of Elyvilon.
  7737 | D:6      | Got an ichor-stained helmet
  7877 | D:6      | Found a staircase to the Ecumenical Temple.
  8020 | Temple   | Entered the Ecumenical Temple
  8130 | Temple   | Became a worshipper of Zin the Law-Giver
  8130 | Temple   | Reached * piety under Zin
  8130 | Temple   | Reached ** piety under Zin
  8130 | Temple   | Reached *** piety under Zin
  8194 | D:7      | Reached skill level 1 in Invocations
  8379 | D:7      | Reached skill level 5 in Invocations
  9155 | D:7      | Reached skill level 1 in Shields
  9155 | D:7      | Reached XP level 10. HP: 79/79 MP: 15/15
  9172 | D:7      | Noticed ZoopityBooper's ghost (novice HaFi)
  9227 | D:7      | Killed ZoopityBooper's ghost
  9737 | D:8      | Found a shadowy altar of Dithmenos.
  9749 | D:8      | Reached skill level 5 in Shields
  9790 | D:8      | Reached **** piety under Zin
 10418 | D:9      | Noticed a two-headed ogre
 10426 | D:9      | Killed a two-headed ogre
 10866 | D:10     | Entered Level 10 of the Dungeon
 11464 | D:10     | Reached XP level 11. HP: 84/84 MP: 16/16
 11521 | D:10     | Found a staircase to the Lair.
 11754 | Lair:1   | Entered Level 1 of the Lair of Beasts
 11913 | Lair:1   | Reached skill level 10 in Shields
 12002 | Lair:1   | Noticed Gastronok
 12082 | D:10     | Reached skill level 11 in Polearms
 12894 | D:11     | Reached skill level 12 in Polearms
 12935 | D:11     | Noticed a red ugly thing
 12939 | D:10     | Noticed Nergalle
 12985 | D:10     | Killed Nergalle
 13158 | D:10     | Reached skill level 13 in Polearms
 13467 | D:10     | Found a staircase to the Orcish Mines.
 13565 | D:10     | Identified the +1 helmet of Foluttes {rF+ rN+ Stlth+} (You found it on level 6 of the Dungeon)
 13960 | Lair:1   | Reached skill level 14 in Polearms
 14607 | Lair:1   | Reached XP level 12. HP: 91/91 MP: 17/17
 15815 | Lair:2   | Found a staircase to the Snake Pit.
 15890 | Lair:2   | Found a staircase to the Swamp.
 17708 | Lair:4   | Noticed a seven-headed hydra
 17739 | Lair:4   | Noticed a four-headed hydra
 17811 | Lair:4   | Found the +3 pair of gauntlets of War {Slay+5}
 18126 | Orc:1    | Entered Level 1 of the Orcish Mines
 18126 | Orc:1    | Noticed an orc high priest
 18212 | Orc:1    | Killed an orc high priest
 18215 | Orc:1    | Reached skill level 10 in Fighting
 18215 | Orc:1    | Reached XP level 13. HP: 95/103 MP: 16/18
 18286 | Orc:2    | Entered Level 2 of the Orcish Mines
 18286 | Orc:2    | Found a staircase to the Elven Halls.
 18404 | Orc:2    | Paralysed by an orc sorcerer for 5 turns
 18413 | Orc:2    | Noticed Maurice
 18414 | Orc:2    | Noticed a stone giant
 18416 | Orc:2    | Noticed a stone giant
 18798 | D:11     | You fall through a shaft for 2 floors!
 19506 | D:13     | HP: 4/103 [very large slime creature (53)]
 19519 | D:13     | Zin protects you from harm!
 19523 | D:13     | Annihilated by a very large slime creature

Skill      XL: |  1  2  3  4  5  6  7  8  9 10 11 12 13 |
---------------+----------------------------------------+-----
Polearms       | 5 6 8 9 10 14 | 14.0
Dodging        | 8 10 | 10.7
Fighting       | 5 7 10 | 10.0
Invocations    | 7 9 |  9.6
Shields        | 1 8 10 13 | 13.3
Stealth        | |  2.1

Action                   |  1- 3 |  4- 6 |  7- 9 | 10-12 | 13-15 || total
-------------------------+-------+-------+-------+-------+-------++-------
Melee: Spear             |   146 |   149 |       |       |       ||   295
       Trident           |       |    96 |   418 |  1158 |   127 ||  1799
       Tailslap          |       |       |       |     1 |       ||     1
Invok: Vitalisation      |       |       |     2 |    19 |     4 ||    25
       Recite            |       |       |     1 |    23 |    12 ||    36
       Imprison          |       |       |       |     1 |     1 ||     2
Evoke: Wand              |       |       |       |     4 |       ||     4
  Use: Scroll            |       |     6 |     6 |     3 |       ||    15
       Potion            |       |       |     2 |     7 |     6 ||    15
 Stab: Sleeping          |     4 |    10 |    12 |    13 |     4 ||    43
       Distracted        |       |     1 |       |     5 |       ||     6
       Invisible         |       |       |     1 |     2 |       ||     3
       Paralysed         |       |       |       |     2 |       ||     2
       Confused          |       |       |       |     5 |       ||     5
  Eat: Chunk             |     1 |     9 |    11 |    15 |       ||    36
       Ration            |       |     1 |     1 |     5 |     1 ||     8
Armor: Leather armour    |     6 |    36 |    19 |       |       ||    61
       Robe              |       |       |    24 |   105 |    14 ||   143
Dodge: Dodged            |    49 |   118 |   215 |   417 |    57 ||   856
Block: Shield            |       |       |       |   399 |    53 ||   452
